 Dungeon Crawl Stone Soup version 0.26.0-45-g9c1d065592 (webtiles) character file.

Game seed: 10920604322007931785

168 Descartes the Magician (level 5, 0/28 HPs)
             Began as a Deep Elf Air Elementalist on Jan 27, 2021.
             Slain by an orc wizard
             ... wielding a +0 dagger
              (1 damage)
             ... on level 3 of the Dungeon.
             The game lasted 00:05:30 (2414 turns).

Descartes the Magician (Deep Elf Air Elementalist)  Turns: 2414, Time: 00:05:31

Health: 0/28       AC:  3    Str:  5    XL:     5   Next: 24%
Magic:  13/13      EV: 14    Int: 21    God:
Gold:   65         SH:  0    Dex: 15    Spells: 11/12 levels left

rFire    . . .     SeeInvis .   h - +0 dagger
rCold    . . .     Faith    .   (no shield)
rNeg     . . .     Spirit   .   a - +0 robe
rPois    .         Reflect  .   (no helmet)
rElec    .         Harm     .   q - +0 cloak
rCorr    .         Rampage  .   (no gloves)
Will     .....                  (no boots)
Stlth    +++.......             l - amulet of the acrobat
HPRegen  0.09/turn              (no ring)
MPRegen  0.13/turn              (no ring)

@: attractive, hasted, very quick
A: no striking features
a: no special abilities


You were on level 3 of the Dungeon.
You visited 1 branch of the dungeon, and saw 4 of its levels.

You collected 65 gold pieces.

Inventory:

Hand Weapons
 h - a +0 dagger (weapon)
Missiles
 c - 123 stones
 f - 20 sling bullets
 r - 19 bolts
Armour
 a - a +0 robe (worn)
 q - a +0 cloak (worn)
Jewellery
 l - an amulet of the acrobat (around neck)
 o - an uncursed amulet of magic regeneration {unknown}
Wands
 p - a wand of random effects (20)
Scrolls
 e - 6 scrolls of identify {unknown}
 g - a scroll of random uselessness {unknown}
 i - a scroll of magic mapping {unknown}
 j - a scroll of enchant weapon {unknown}
 k - a scroll of blinking {unknown}
 m - a scroll of immolation {unknown}
 n - a scroll of fog {unknown}
 s - a scroll of remove curse {unknown}


   Skills:
 + Level 3.7 Dodging
 + Level 3.7 Stealth
 + Level 4.1 Spellcasting
 + Level 2.6 Conjurations
 + Level 3.8 Air Magic


You had 11 spell levels left.
You knew the following spells:

 Your Spells              Type           Power        Failure   Level
a - Shock                 Conj/Air       68%          3%          1

Your spell library contained the following spells:

 Spells                   Type           Power        Failure   Level
 Swiftness                Air            20%          3%          2
 Static Discharge         Conj/Air       17%          10%         3
 Airstrike                Air            10%          24%         4
 Lightning Bolt           Conj/Air       8%           65%         5


Dungeon Overview and Level Annotations

Branches:
Dungeon (4/15)
 Temple: D:4-7

Altars:


Message History

Reactivating autopickup.
There is a stone staircase leading up here.
Something hits you.
* * * LOW HITPOINT WARNING * * *
Deactivating autopickup; reactivate with Ctrl-A.
You climb upwards.
Reactivating autopickup.
There is a stone staircase leading down here.
It was a potion of haste.
You feel yourself speed up. Something barely misses you.
It was a potion of attraction.
You feel attractive to monsters. Something hits you.
* * * LOW HITPOINT WARNING * * *
Deactivating autopickup; reactivate with Ctrl-A.
You hit something but do no damage. Something hits you.
* * * LOW HITPOINT WARNING * * *
You hit something. You hit something. Something hits you.
You die...

### #.#### .....#
..##.# #.##.#
#.##.# #.##.#
####.##.########.#
#@{...............
#.##.#####.###.###
#.##.# #.# ###
#.##.#####.###....
#.##.#.......)...#
.†.........#.)...(
.....#.#####.#.#.#
.....# #)#.... #.#
#.#


There were no monsters in sight!

Vanquished Creatures
  A centaur skeleton (D:4)
  An iguana (D:4)
  A worker ant (D:4)
  A hound skeleton (D:4)
  4 adders
  3 leopard geckos (D:1)
  2 orcs (D:3)
  A giant cockroach (D:1)
  5 goblins
  5 hobgoblins
  4 jackals (D:2)
  7 kobolds
  2 bats (D:2)
  4 frilled lizards
41 creatures vanquished.

Notes
Turn   | Place    | Note
-------+----------+-------------------------------------------
     0 | D:1      | Descartes the Deep Elf Air Elementalist began the quest for
                  | the Orb.
     0 | D:1      | Reached XP level 1. HP: 10/10 MP: 6/6
   295 | D:1      | Reached XP level 2. HP: 15/15 MP: 4/8
  1259 | D:2      | Reached XP level 3. HP: 19/19 MP: 5/9
  1895 | D:2      | You fall into a shaft and drop 2 floors!
  1947 | D:4      | Reached XP level 4. HP: 22/24 MP: 3/11
  2096 | D:4      | Reached skill level 4 in Spellcasting
  2260 | D:4      | Reached XP level 5. HP: 28/28 MP: 9/13
  2412 | D:3      | HP: 1/28 [something (2)]
  2414 | D:3      | Slain by an orc wizard

Illustrated notes

Levels and vault maps discovered:
D:1:      ncdulo_smallfort, layout_loops_corners
D:2:      layout_basic, kennysheep_generic_room_11
D:3:      layout_basic, wander_ebering_terrifying_dragon_lair, uniq_terence
D:4:      layout_layer_cave, serial_shops, shop_statue,
          kennysheep_generic_room_8, uniq_ijyb, uniq_crazy_yiuf_cottage

Skill      XL: |  1  2  3  4 |
---------------+-------------+-----
Stealth        | 3 |  3.7
Dodging        | 3 |  3.7
Conjurations   | 2 |  2.6
Spellcasting   | 4 |  4.1
Air Magic      | |  3.8

Action                   |  1- 3 |  4- 6 || total
-------------------------+-------+-------++-------
Melee: Dagger            |     5 |     6 ||    11
 Cast: Shock             |    74 |    28 ||   102
  Use: Potion            |       |     2 ||     2
Armor: Robe              |     5 |     1 ||     6
Dodge: Dodged            |    13 |     2 ||    15
